 Dungeon Crawl Stone Soup version 0.28.0-53-g5a82cb258f (webtiles) character file.

Game seed: 212182953875381291

9 protoss039 the Digger (level 2, 11/20 HPs)
             Began as a Demonspawn Earth Elementalist on June 16, 2022.
             Got out of the dungeon alive.
             The game lasted 00:00:25 (328 turns).

protoss039 the Digger (DsEE)                         Turns: 328, Time: 00:00:26

Health: 11/20      AC:  2    Str:  8    XL:     2   Next: 6%
Magic:  5/5        EV: 12    Int: 16    God:
Gold:   7          SH:  0    Dex: 13    Spells: 4/5 levels left

rFire   . . .      SeeInvis .   e - +0 club
rCold   . . .      Faith    .   (no shield)
rNeg    . . .      Spirit   .   b - +0 robe
rPois   .          Reflect  .   (helmet restricted)
rElec   .          Harm     .   (no cloak)
rCorr   .          Rampage  .   (no gloves)
Will    .....                   (no boots)
Stlth   ++........              (no amulet)
HPRegen 0.06/turn               (no ring)
MPRegen 0.09/turn               (no ring)

@: no status effects
A: horns 1
a: no special abilities


You escaped.
You visited 1 branch of the dungeon, and saw 1 of its levels.

You collected 7 gold pieces.

Inventory:

Hand Weapons
 e - a +0 club (weapon)
Missiles
 c - 24 stones
Armour
 b - a +0 robe (worn)
Scrolls
 a - a scroll of magic mapping {unknown}
Potions
 d - a potion of heal wounds {unknown}


   Skills:
 * Level 0.9 Fighting
 + Level 0.3 Armour
 - Level 1.7 Dodging
 - Level 1.7 Stealth
 + Level 2.1 Spellcasting
 - Level 1.0 Transmutations
 + Level 2.8 Earth Magic


You had 4 spell levels left.
You knew the following spells:

 Your Spells              Type           Power      Damage    Failure   Level
a - Sandblast             Erth           20%        2d7       6%          1

Your spell library contained the following spells:

 Spells                   Type           Power      Damage    Failure   Level
 Passwall                 Tmut/Erth      5%         N/A       14%         2
 Stone Arrow              Conj/Erth      12%        3d7       34%         3
 Petrify                  Tmut/Erth      7%         N/A       67%         4


Dungeon Overview and Level Annotations

Branches:
Dungeon (1/15)

Altars:


Innate Abilities, Weirdness & Mutations

You have a pair of small horns on your head.


Message History

You barely miss the kobold.
The kobold is moderately wounded.
The kobold barely misses you.
You closely miss the kobold.
The kobold is moderately wounded.
The kobold hits you with a +0 club.
Casting: Sandblast (safe; 6% risk of failure)
Confirm with . or Enter, or press ? or * to list all spells.
Aiming: Sandblast (safe; 6% risk of failure)
Press: ? - help, Shift-Dir - straight line, f - kobold
Aim: a kobold, wielding a +0 club (moderately wounded, 74% to hit)
The blast of sand misses the kobold.
The kobold hits you with a +0 club.
Unknown command.
Casting: Sandblast (safe; 6% risk of failure)
Confirm with . or Enter, or press ? or * to list all spells.
Aiming: Sandblast (safe; 6% risk of failure)
Press: ? - help, Shift-Dir - straight line, f/p - kobold
Aim: a kobold, wielding a +0 club (moderately wounded, 74% to hit)
The blast of sand hits the kobold.
You kill the kobold!
You have reached level 2!
Your demonic ancestry asserts itself...
A pair of horns grows on your head!
Unknown command.
The endoplasm quivers.
Things that are here:
a +0 club; a kobold corpse
e - a +0 club
e - a +0 club (weapon)
The endoplasm jiggles.
The endoplasm barely misses you.
You hit the endoplasm. You headbutt the endoplasm. You punch the endoplasm.
You kill the endoplasm!
There is an open door here.
You open the door.
There is an open door here.
There is an open door here.
There is a staircase leading out of the dungeon here.
Are you sure you want to leave the Dungeon?
This will make you lose the game!
You have escaped!

#..# #..# #########
#..# #.......# #
#..# #.......# #
##..# #.......# #
##...#####.......###
#....#...........'..
+..@.'.###.......###
#....#.# #...>...# #
##...#.###.......# #
##..#.##........###
#..#..............
#..#.....#.#....##
#..#.#..........#
#..#.#.#>....#..#
...#.#..........#


There were no monsters in sight!

Vanquished Creatures
  4 bats (D:1)
  An endoplasm (D:1)
  A giant cockroach (D:1)
  A kobold (D:1)
  A frilled lizard (D:1)
8 creatures vanquished.

Notes
Turn   | Place    | Note
-------+----------+-------------------------------------------
     0 | D:1      | protoss039 the Demonspawn Earth Elementalist began the
                  | quest for the Orb.
     0 | D:1      | Reached XP level 1. HP: 13/13 MP: 3/3
    16 | D:1      | Reached skill level 1 in Transmutations
   273 | D:1      | Gained mutation: You have a pair of small horns on your
                  | head. [demonic ancestry]
   273 | D:1      | Reached XP level 2. HP: 7/20 MP: 1/5
   328 | D:$      | Got out of the dungeon alive.

Illustrated notes

Levels and vault maps discovered:
D:1:      giann_horns, layout_basic, basic_ecumenical_altar,
          chequers_serial_rivers_large_b, st_stairs_2

Skill      XL: |  1 |
---------------+----+-----
Transmutations | 1 |  1.0
Fighting       | |  0.9
Armour         | |  0.3
Dodging        | |  1.7
Stealth        | |  1.7
Spellcasting   | |  2.1
Earth Magic    | |  2.8

Action                   || total
-------------------------++-------
Melee: Unarmed           ||    20
       Club              ||     1
       Headbutt          ||     1
       Punch             ||     1
 Cast: Sandblast         ||     6
 Stab: Sleeping          ||     1
Armor: Robe              ||     8
Dodge: Dodged            ||    15
